[Event "XI Paracin Festival 2018"]
[Site "Paracin"]
[Date "2018.07.09"]
[Round "4"]
[White "Kulkarni, Chinmay"]
[Black "Eswaran, Ashritha"]
[Result "1-0"]
[ECO "B76"]
[WhiteElo "2336"]
[BlackElo "2092"]
[Annotator "NA"]
[PlyCount "69"]
[EventDate "2018.07.06"]
[EventType "swiss"]
[EventCountry "SRB"]
[SourceTitle "playchess.com"]
[Source "ChessBase"]
[SourceQuality "1"]
[TimeControl "5400+30"]

1. e4 c5 2. Nf3 d6 3. d4 cxd4 4. Nxd4 Nf6 5. Nc3 g6 6. Be3 Bg7 7. f3 Nc6 8. Qd2 O-O 9. O-O-O d5 10. Nxc6 bxc6 11. Bh6 Rb8 12. h4 Qb6 13. b3 Bxh6 14. Qxh6 Qc5 15. Kb2 dxe4 16. Qg5 Qxg5 17. hxg5 Nd5 18. Nxe4 Bf5 19. Re1 Rfe8 20. Nc5 Rbd8 21. g4 Bc8 22. Bc4 Kg7 23. Re2 Nb6 24. Bxf7 Kxf7 25. Rxh7+ Kf8 26. Reh2 e5 27. Rxa7 Nd7 28. Rh7 Kg8 29. Nxd7 Bxd7 30. Raxd7 Rxd7 31. Rxd7 e4 32. fxe4 Rxe4 33. Rd6 Kg7 34. Rxc6 Rxg4 35. Rc5 1-0

[Event "XI Paracin Festival 2018"]
[Site "Paracin"]
[Date "2018.07.09"]
[Round "4"]
[White "Budisavljevic, Luka"]
[Black "Bojicic, Andjela"]
[Result "1/2-1/2"]
[ECO "A48"]
[WhiteElo "2324"]
[BlackElo "2028"]
[Annotator "NA"]
[PlyCount "60"]
[EventDate "2018.07.06"]
[EventType "swiss"]
[EventCountry "SRB"]
[SourceTitle "playchess.com"]
[Source "ChessBase"]
[SourceQuality "1"]
[TimeControl "5400+30"]

1. d4 Nf6 2. Nf3 g6 3. Bf4 Bg7 4. e3 O-O 5. Be2 d6 6. h3 c5 7. c3 Nc6 8. O-O Nd5 9. Bh2 e5 10. dxc5 dxc5 11. Nbd2 Qe7 12. Qc2 Re8 13. Bd3 Ndb4 14. cxb4 Nxb4 15. Qb3 Nxd3 16. Qxd3 e4 17. Qxe4 Qxe4 18. Nxe4 Rxe4 19. Rad1 Re8 20. b3 Be6 21. Ng5 Bf5 22. g4 Bc8 23. Rd5 h6 24. Nf3 b6 25. Nd2 Be6 26. Rd6 Red8 27. Nc4 Bf8 28. Rdd1 b5 29. Nd6 Bxd6 30. Bxd6 c4 1/2-1/2

[Event "XI Paracin Festival 2018"]
[Site "Paracin"]
[Date "2018.07.09"]
[Round "4"]
[White "Konaplev, Anton"]
[Black "Yilmazyerli, Mert"]
[Result "1/2-1/2"]
[ECO "B06"]
[WhiteElo "2316"]
[BlackElo "2491"]
[Annotator "ChessBase"]
[PlyCount "58"]
[EventDate "2018.07.06"]
[EventType "swiss"]
[EventCountry "SRB"]
[SourceTitle "playchess.com"]
[Source "ChessBase"]
[SourceQuality "1"]
[TimeControl "5400+30"]

1. d4 g6 2. e4 Bg7 3. Nc3 d6 4. Bg5 a6 5. Qd2 b5 6. a4 b4 7. Nd5 a5 8. Ne3 Nf6 9. Bd3 O-O 10. Ne2 Nbd7 11. O-O h6 12. Bh4 e5 13. c3 exd4 14. cxd4 c5 15. Nc4 cxd4 16. Nxd6 Ne5 17. Nxc8 Rxc8 18. Bxf6 Qxf6 19. f4 Ng4 20. e5 Qb6 21. Rfc1 Ne3 22. Ng3 g5 23. fxg5 Qe6 24. gxh6 Bxh6 25. Rxc8 Rxc8 26. Qe2 Rc5 27. Ne4 Rxe5 28. Qf3 f5 29. Ng3 Qd5 1/2-1/2

[Event "XI Paracin Festival 2018"]
[Site "Paracin"]
[Date "2018.07.09"]
[Round "4"]
[White "Avalyan, Artur"]
[Black "Milanovic, Danilo"]
[Result "0-1"]
[ECO "A58"]
[WhiteElo "2315"]
[BlackElo "2471"]
[Annotator "ChessBase"]
[PlyCount "112"]
[EventDate "2018.07.06"]
[EventType "swiss"]
[EventCountry "SRB"]
[SourceTitle "playchess.com"]
[Source "ChessBase"]
[SourceQuality "1"]
[TimeControl "5400+30"]

1. d4 Nf6 2. c4 c5 3. d5 b5 4. cxb5 a6 5. bxa6 g6 6. Nc3 Bxa6 7. e4 Bxf1 8. Kxf1 d6 9. Nf3 Nbd7 10. g3 Bg7 11. Kg2 O-O 12. a4 Ra6 13. Qc2 Qa8 14. Ra3 Nb6 15. Rd1 Rc8 16. b3 Nfd7 17. Bb2 Ne5 18. Nxe5 Bxe5 19. Rda1 Qb7 20. Nb5 Bxb2 21. Qxb2 Nd7 22. Qc2 Rb6 23. h4 Nf6 24. Rd1 h5 25. f3 Ne8 26. Rd3 Ra8 27. Ra2 Nc7 28. Nxc7 Qxc7 29. Rc3 Qb7 30. Ra3 Rb4 31. Rc4 Rb8 32. Rc3 Qa6 33. Ra2 Qb6 34. Ra3 Qa6 35. Qd3 Qa5 36. Ra2 Rd4 37. Qe3 Kg7 38. Rac2 Qb4 39. Rd2 Rb7 40. Rcd3 Rxd3 41. Rxd3 Qa3 42. Kh3 Qa1 43. Kg2 Qa3 44. Kh3 Rb4 45. f4 Qa1 46. Kg2 Qb2+ 47. Kf3 Qb1 48. Kg2 Qb2+ 49. Kf3 Qh2 50. Rd1 Qc2 51. Rd3 Kh7 52. f5 c4 53. fxg6+ fxg6 54. bxc4 Rb2 55. e5 Qg2+ 56. Kf4 Rf2+ 0-1

[Event "XI Paracin Festival 2018"]
[Site "Paracin"]
[Date "2018.07.09"]
[Round "4"]
[White "Dimitrov, Vladimir"]
[Black "Rahul Srivatshav P"]
[Result "1/2-1/2"]
[ECO "E70"]
[WhiteElo "2308"]
[BlackElo "2397"]
[Annotator "NA"]
[PlyCount "71"]
[EventDate "2018.07.06"]
[EventType "swiss"]
[EventCountry "SRB"]
[SourceTitle "playchess.com"]
[Source "ChessBase"]
[SourceQuality "1"]
[TimeControl "5400+30"]

1. d4 Nf6 2. c4 g6 3. Nc3 Bg7 4. e4 O-O 5. h3 d6 6. Be3 Na6 7. Nf3 e5 8. d5 c6 9. g4 Nc5 10. Qc2 a5 11. O-O-O Qe7 12. Nd2 a4 13. a3 Bd7 14. Be2 cxd5 15. exd5 b6 16. Rdg1 Ne8 17. h4 f5 18. f3 e4 19. fxe4 fxe4 20. h5 Qe5 21. hxg6 hxg6 22. Ndxe4 Nf6 23. Nxf6+ Rxf6 24. Rh3 Nb3+ 25. Kb1 Nd4 26. Qd3 Nxe2 27. Qxe2 Raf8 28. Ka2 R6f7 29. Rgg3 b5 30. cxb5 Rc8 31. Qd3 Rxc3 32. bxc3 Bxb5 33. Qxb5 Qxc3 34. Qe8+ Rf8 35. Qe6+ Rf7 36. Qe8+ 1/2-1/2

[Event "XI Paracin Festival 2018"]
[Site "Paracin"]
[Date "2018.07.09"]
[Round "4"]
[White "Yordanov, Lachezar"]
[Black "Radovic, Luka"]
[Result "1-0"]
[ECO "A01"]
[WhiteElo "2290"]
[BlackElo "2344"]
[Annotator "NA"]
[PlyCount "79"]
[EventDate "2018.07.06"]
[EventType "swiss"]
[EventCountry "SRB"]
[SourceTitle "playchess.com"]
[Source "ChessBase"]
[SourceQuality "1"]
[TimeControl "5400+30"]

1. b3 d6 2. Bb2 Nd7 3. d4 Ngf6 4. Nf3 g6 5. g3 Bg7 6. Bg2 O-O 7. O-O e5 8. dxe5 $14 Ng4 9. c4 Re8 10. Nc3 Ndxe5 11. a4 Bd7 12. a5 Rb8 13. Qc2 Qc8 14. Nxe5 Nxe5 15. Rfd1 Bh3 16. Bh1 h5 17. Nd5 h4 18. f4 c6 19. fxe5 cxd5 20. Bxd5 dxe5 21. Qe4 Qc5+ 22. Kh1 hxg3 23. hxg3 Bf5 24. Qg2 Bf6 25. Qg1 Qc8 26. Qe3 Kg7 27. Kg2 Bh3+ 28. Kf2 Bg4 29. Rh1 Qf5+ 30. Kg2 Rh8 31. Be4 Bh3+ 32. Kg1 Qd7 33. Kf2 Rbd8 34. Bd5 Bg4 35. Kg2 Qf5 36. Be4 Bh3+ 37. Kg1 Bg5 38. Qc5 Qxe4 39. Bxe5+ f6 40. Qe7+ 1-0

[Event "XI Paracin Festival 2018"]
[Site "Paracin"]
[Date "2018.07.09"]
[Round "4"]
[White "Colovic, Dusan"]
[Black "Vaishali R"]
[Result "1-0"]
[ECO "B51"]
[WhiteElo "2279"]
[BlackElo "2337"]
[Annotator "NA"]
[PlyCount "91"]
[EventDate "2018.07.06"]
[EventType "swiss"]
[EventCountry "SRB"]
[SourceTitle "playchess.com"]
[Source "ChessBase"]
[SourceQuality "1"]
[TimeControl "5400+30"]

1. e4 c5 2. Nf3 d6 3. Bb5+ Nd7 4. Ba4 Ngf6 5. d3 e6 6. O-O Be7 7. Re1 O-O 8. c3 a6 9. Bc2 b5 10. Nbd2 Bb7 11. Nf1 Qc7 12. Ng3 Rfe8 13. a4 Bf8 14. h3 e5 15. Nf5 c4 16. Bg5 h6 17. Bxf6 Nxf6 18. d4 g6 19. Ng3 Bg7 20. Qd2 Nd7 21. Red1 Rad8 22. b4 d5 23. axb5 axb5 24. Re1 dxe4 25. Bxe4 Bxe4 26. Rxe4 f5 27. Ree1 e4 28. Nh4 Qc6 29. Ra7 Qf6 30. Nhxf5 gxf5 31. Qf4 Rf8 32. h4 Rf7 33. Rea1 Nb6 34. Nh5 Qg6 35. Rxf7 Qxf7 36. Nxg7 Kxg7 37. Ra6 Qb7 38. Qe5+ Kf7 39. Qxf5+ Kg7 40. Qxb5 Rd6 41. Qa5 Qc6 42. Qe5+ Rf6 43. b5 Qe6 44. Ra7+ Kg8 45. Qb8+ Nc8 46. Ra6 1-0

[Event "XI Paracin Festival 2018"]
[Site "Paracin"]
[Date "2018.07.09"]
[Round "4"]
[White "Sevgi, Volkan"]
[Black "Kathmale, Sameer"]
[Result "0-1"]
[ECO "B12"]
[WhiteElo "2277"]
[BlackElo "2323"]
[Annotator "NA"]
[PlyCount "50"]
[EventDate "2018.07.06"]
[EventType "swiss"]
[EventCountry "SRB"]
[SourceTitle "playchess.com"]
[Source "ChessBase"]
[SourceQuality "1"]
[TimeControl "5400+30"]

1. e4 c6 2. d4 d5 3. e5 Bf5 4. Nf3 e6 5. Be2 c5 6. Be3 cxd4 7. Nxd4 Ne7 8. c4 Nbc6 9. Qa4 a6 10. cxd5 b5 11. Nxc6 Nxc6 $11 ({Doch nicht} 11... bxa4 $6 12. Nxd8 Rxd8 13. Bxa6 $16) 12. Qf4 Nb4 13. O-O Nxd5 14. Qg3 Nxe3 15. Qxe3 Be7 16. Bf3 Rc8 17. Bb7 Rc2 18. Bxa6 O-O 19. Bxb5 Bc5 20. Qe1 Rxb2 21. Nc3 Bb4 22. Ba4 Qa5 23. Rc1 Rxa2 24. g4 Bg6 25. Bb3 Ra3 0-1

[Event "XI Paracin Festival 2018"]
[Site "Paracin"]
[Date "2018.07.10"]
[Round "5"]
[White "Georgiev, Kiril"]
[Black "Wadsworth, Matthew J"]
[Result "1-0"]
[ECO "D10"]
[WhiteElo "2596"]
[BlackElo "2377"]
[Annotator "RC"]
[PlyCount "75"]
[EventDate "2018.07.06"]
[EventType "swiss"]
[EventCountry "SRB"]
[SourceTitle "playchess.com"]
[Source "ChessBase"]
[SourceQuality "1"]
[TimeControl "5400+30"]

1. d4 d5 2. c4 c6 3. cxd5 cxd5 4. Bg5 Nc6 5. Nc3 h6 6. Bh4 Nf6 7. Bxf6 exf6 8. e3 Bb4 9. Nge2 Be6 10. a3 Bd6 11. g3 O-O 12. Bg2 Bc7 13. O-O Na5 14. Qd3 Rc8 15. Rac1 f5 16. b4 Nc4 17. Bxd5 Bxd5 18. Nxd5 Qxd5 19. Rxc4 Bd6 20. Rfc1 Rcd8 21. R4c2 h5 22. Nc3 Qe6 23. Nb5 Bb8 24. Rc5 g6 25. Qc4 Qf6 26. Rd5 h4 27. Rxd8 Rxd8 28. Kg2 g5 29. Qe2 a6 30. Nc3 Kg7 31. Qf3 b5 32. Ne2 Qe6 33. Rc5 Kg6 34. gxh4 g4 35. Qf4 Rd5 36. Qxb8 Qe4+ 37. Kg1 Rxc5 38. Qd6+ 1-0

[Event "XI Paracin Festival 2018"]
[Site "Paracin"]
[Date "2018.07.10"]
[Round "5"]
[White "Kadric, Denis"]
[Black "Tan, Justin"]
[Result "1/2-1/2"]
[ECO "C50"]
[WhiteElo "2522"]
[BlackElo "2481"]
[Annotator "ChessBase"]
[PlyCount "71"]
[EventDate "2018.07.06"]
[EventType "swiss"]
[EventCountry "SRB"]
[SourceTitle "playchess.com"]
[Source "ChessBase"]
[SourceQuality "1"]
[TimeControl "5400+30"]

1. e4 e5 2. Nf3 Nc6 3. Bc4 Bc5 4. O-O Nf6 5. d3 O-O 6. h3 h6 7. c3 d6 8. Re1 a5 9. Nbd2 a4 10. Bb5 Bd7 11. Nf1 Ne7 12. Bxd7 Qxd7 13. d4 Bb6 14. Ng3 Ng6 15. Be3 exd4 16. cxd4 Rfe8 17. Qc2 Qb5 18. Rac1 Rac8 19. d5 Ba5 20. Nd4 Qd7 21. Red1 h5 22. h4 Bb6 23. Bg5 Nh7 24. Ngf5 Nxg5 25. hxg5 Qd8 26. Qc3 Qxg5 27. Ne6 Qf6 28. Nexg7 Qxc3 29. Rxc3 Rxe4 30. Nxh5 Rb4 31. Rf3 Kf8 32. Nh6 Ne5 33. Rg3 Ng6 34. Rf3 Ne5 35. Rg3 Ng6 36. Rf3 1/2-1/2

[Event "XI Paracin Festival 2018"]
[Site "Paracin"]
[Date "2018.07.10"]
[Round "5"]
[White "Damljanovic, Branko"]
[Black "Dimitrov, Vladimir"]
[Result "1/2-1/2"]
[ECO "E15"]
[WhiteElo "2508"]
[BlackElo "2308"]
[Annotator "ChessBase"]
[PlyCount "40"]
[EventDate "2018.07.06"]
[EventType "swiss"]
[EventCountry "SRB"]
[SourceTitle "playchess.com"]
[Source "ChessBase"]
[SourceQuality "1"]
[TimeControl "5400+30"]

1. d4 Nf6 2. c4 e6 3. Nf3 b6 4. g3 Ba6 5. b3 Bb7 6. Bg2 Bb4+ 7. Bd2 a5 8. O-O O-O 9. Nc3 Ne4 10. Nxe4 Bxe4 11. Bxb4 axb4 12. Qd2 Qe7 13. Rfd1 c5 14. Qe3 f5 15. Rd2 Nc6 16. d5 Qf6 17. Rc1 exd5 18. cxd5 Na7 19. h4 h6 20. h5 Rae8 1/2-1/2

[Event "XI Paracin Festival 2018"]
[Site "Paracin"]
[Date "2018.07.10"]
[Round "5"]
[White "Yilmazyerli, Mert"]
[Black "Savanovic, Vuk"]
[Result "1/2-1/2"]
[ECO "B20"]
[WhiteElo "2491"]
[BlackElo "2294"]
[Annotator "ChessBase"]
[PlyCount "121"]
[EventDate "2018.07.06"]
[EventType "swiss"]
[EventCountry "SRB"]
[SourceTitle "playchess.com"]
[Source "ChessBase"]
[SourceQuality "1"]
[TimeControl "5400+30"]

1. e4 c5 2. b3 Nc6 3. Bb2 Nf6 4. e5 Nd5 5. Nf3 e6 6. g3 Be7 7. Bg2 O-O 8. O-O f6 9. Nc3 Nxc3 10. Bxc3 d5 11. exd6 Qxd6 12. d3 e5 13. Nd2 Be6 14. f4 exf4 15. Rxf4 f5 16. Nc4 Qd7 17. Rf1 Bf6 18. Bxf6 Rxf6 19. Qd2 Bxc4 20. bxc4 Raf8 21. Kh1 Ne5 22. Qe3 Qd6 23. Bxb7 Ng6 24. Rae1 Kh8 25. c3 f4 26. gxf4 Nxf4 27. Be4 g5 28. Rg1 Rg8 29. d4 cxd4 30. Qxd4 Qf8 31. Qxa7 Qh6 32. Qd4 g4 33. Bd5 Nxd5 34. cxd5 g3 35. Rg2 gxh2 36. Rxh2 Qg6 37. Qe5 Qg7 38. Qe4 Rg6 39. Qd4 Qxd4 40. cxd4 Rg4 41. Rh5 Rxd4 42. Re2 Rd8 43. Ree5 Ra8 44. Re2 Rd8 45. Re7 R8xd5 46. Rhxh7+ Kg8 47. Rhg7+ Kf8 48. Rgf7+ Kg8 49. Rf2 Rg4 50. Ree2 Rh5+ 51. Rh2 Rxh2+ 52. Kxh2 Kf7 53. Kh3 Rg6 54. a4 Re6 55. Ra2 Ke7 56. Kg4 Kd7 57. Kf5 Ra6 58. Ke5 Ra5+ 59. Kd4 Kc6 60. Kc4 Rh5 61. Kd4 1/2-1/2

[Event "XI Paracin Festival 2018"]
[Site "Paracin"]
[Date "2018.07.10"]
[Round "5"]
[White "Asadli, Vugar"]
[Black "Gukesh D"]
[Result "0-1"]
[ECO "B15"]
[WhiteElo "2478"]
[BlackElo "2433"]
[Annotator "ChessBase"]
[PlyCount "96"]
[EventDate "2018.07.06"]
[EventType "swiss"]
[EventCountry "SRB"]
[SourceTitle "playchess.com"]
[Source "ChessBase"]
[SourceQuality "1"]
[TimeControl "5400+30"]

1. e4 c6 2. d4 d5 3. Nd2 dxe4 4. Nxe4 Nf6 5. Nxf6+ exf6 6. c3 Bd6 7. Bd3 O-O 8. Qc2 Re8+ 9. Ne2 g6 10. h4 h5 11. Be3 f5 12. O-O-O Nd7 13. Kb1 Nf6 14. Bg5 Be7 15. Nf4 Nd5 16. Bxe7 Rxe7 17. Qd2 Be6 18. Ne2 a5 19. Nc1 a4 20. Rhe1 Rd7 21. g3 Nf6 22. f3 a3 23. b3 c5 24. dxc5 Qc7 25. c4 Qxg3 26. Qc3 Qxh4 27. Ne2 Rad8 28. Rh1 Qf2 29. Nf4 Qd4 30. Qc1 Qxc5 31. Rdg1 Rd6 32. Rg2 Qd4 33. Bc2 Kh7 34. Rgh2 Qb2+ 35. Qxb2 axb2 36. Re1 Bd7 37. Nh3 Re8 38. Rg1 Re7 39. Kxb2 Bc6 40. b4 Kh6 41. Ng5 b6 42. a4 Rd4 43. Kc3 Rf4 44. Rh3 Ng4 45. b5 Bb7 46. a5 Re3+ 47. Kd2 Kxg5 48. axb6 Rxc4 0-1

[Event "XI Paracin Festival 2018"]
[Site "Paracin"]
[Date "2018.07.10"]
[Round "5"]
[White "Milanovic, Danilo"]
[Black "Kulkarni, Chinmay"]
[Result "1/2-1/2"]
[ECO "D10"]
[WhiteElo "2471"]
[BlackElo "2336"]
[Annotator "RC"]
[PlyCount "211"]
[EventDate "2018.07.06"]
[EventType "swiss"]
[EventCountry "SRB"]
[SourceTitle "playchess.com"]
[Source "ChessBase"]
[SourceQuality "1"]
[TimeControl "5400+30"]

1. d4 d5 2. c4 c6 3. cxd5 cxd5 4. Bg5 h6 5. Bh4 Nc6 6. Nc3 a6 7. e3 g5 8. Bg3 Nf6 9. Bd3 e6 10. Nf3 Rg8 11. Ne5 Nxe5 12. Bxe5 Bd6 13. O-O Bxe5 14. dxe5 Nd7 15. Qa4 Rb8 16. Qd4 Qb6 17. Rac1 Qxb2 18. Ne4 Qxd4 19. Nd6+ Ke7 20. exd4 f6 21. Rc7 fxe5 22. dxe5 Kd8 23. Rfc1 Nxe5 24. Bh7 Rh8 25. Nxc8 Nc6 26. Rg7 Rxc8 27. Rxb7 Rc7 28. Rxc7 Kxc7 29. Bd3 Ra8 30. Kf1 Kd6 31. Ke2 Rb8 32. Bxa6 Rb2+ 33. Ke3 Rxa2 34. Bb5 Ra3+ 35. Kd2 Nd4 36. Rb1 Ra2+ 37. Ke3 Nf5+ 38. Kf3 h5 39. h3 e5 40. g4 e4+ 41. Kg2 Nh4+ 42. Kg3 Ra3+ 43. Kh2 hxg4 44. hxg4 Nf3+ 45. Kg2 Ne5 46. Be2 Ra2 47. Rb6+ Kc5 48. Re6 Kd4 49. Kf1 Ra1+ 50. Kg2 Re1 51. Ba6 Nxg4 52. Bb7 Rb1 53. Bc6 Ne5 54. Rd6 Nxc6 55. Rxc6 Ke5 56. Rg6 Kf5 57. Rd6 Rd1 58. Kg3 Rd3+ 59. Kg2 Kg4 60. Kf1 Kf4 61. Rd8 g4 62. Rf8+ Ke5 63. Rg8 g3 64. fxg3 Rd2 65. g4 Kf6 66. Re8 Kg5 67. Rg8+ Kf4 68. g5 Kf5 69. g6 Kf6 70. Ke1 Rg2 71. Rf8+ Ke5 72. Rg8 Kd4 73. Kf1 Rg5 74. Ke2 Rg4 75. g7 Rg5 76. Kf2 Rg4 77. Ke2 Rg6 78. Kf1 e3 79. Ke2 Rg2+ 80. Kf1 e2+ 81. Ke1 Kd3 82. Re8 Rg1+ 83. Kf2 Rxg7 84. Re3+ Kd4 85. Rxe2 Rh7 86. Ke1 Rh1+ 87. Kd2 Ra1 88. Re8 Ra2+ 89. Kc1 Kd3 90. Rh8 Ra1+ 91. Kb2 Re1 92. Rh3+ Re3 93. Rh8 d4 94. Rh7 Kd2 95. Rh2+ Re2 96. Rh3 d3 97. Rh1 Rg2 98. Kb3 Rf2 99. Kb2 Ke3+ 100. Kc3 Rc2+ 101. Kb3 Rg2 102. Kc3 d2 103. Kc2 Ke2 104. Rd1 Ke3 105. Rh1 Ke2 106. Rd1 1/2-1/2

[Event "XI Paracin Festival 2018"]
[Site "Paracin"]
[Date "2018.07.10"]
[Round "5"]
[White "Kosic, Dragan"]
[Black "Yordanov, Lachezar"]
[Result "1/2-1/2"]
[ECO "D05"]
[WhiteElo "2463"]
[BlackElo "2290"]
[Annotator "ChessBase"]
[PlyCount "61"]
[EventDate "2018.07.06"]
[EventType "swiss"]
[EventCountry "SRB"]
[SourceTitle "playchess.com"]
[Source "ChessBase"]
[SourceQuality "1"]
[TimeControl "5400+30"]

1. d4 Nf6 2. Nf3 e6 3. e3 d5 4. Bd3 c5 5. b3 Nc6 6. O-O Bd6 7. Bb2 O-O 8. dxc5 Bxc5 9. Nbd2 b6 10. c4 dxc4 11. Nxc4 h6 12. a3 a5 13. Bxf6 Qxf6 14. Be4 Rd8 15. Qc2 Bb7 16. Rad1 Qe7 17. Rxd8+ Rxd8 18. Qc3 f5 19. Bb1 b5 20. Nxa5 Nxa5 21. Qxa5 Ra8 22. Qxb5 Ba6 23. Qc6 Bb7 24. Qb5 Ba6 25. Qa5 Bb7 26. Qc3 Bxf3 27. gxf3 Qg5+ 28. Kh1 Qh5 29. Kg2 Qg5+ 30. Kh1 Qh5 31. Kg2 1/2-1/2

[Event "XI Paracin Festival 2018"]
[Site "Paracin"]
[Date "2018.07.10"]
[Round "5"]
[White "Ikeda, Junta"]
[Black "Atalik, Suat"]
[Result "1/2-1/2"]
[ECO "A05"]
[WhiteElo "2437"]
[BlackElo "2509"]
[Annotator "ChessBase"]
[PlyCount "97"]
[EventDate "2018.07.06"]
[EventType "swiss"]
[EventCountry "SRB"]
[SourceTitle "playchess.com"]
[Source "ChessBase"]
[SourceQuality "1"]
[TimeControl "5400+30"]

1. Nf3 Nf6 2. g3 g6 3. Bg2 Bg7 4. O-O O-O 5. d4 d5 6. c4 dxc4 7. Na3 c5 8. dxc5 c3 9. Nb5 Na6 10. Nxc3 Nxc5 11. Be3 Nfe4 12. Nxe4 Nxe4 13. Bd4 Bxd4 14. Qxd4 Qxd4 15. Nxd4 Nd6 16. Rac1 Rd8 17. f4 Bg4 18. h3 Bd7 19. Rc7 Rab8 20. Rfc1 Kf8 21. Kf2 Ke8 22. e4 Nb5 23. Nxb5 Bxb5 24. R1c2 Bd3 25. R2c3 Bb1 26. Ke3 Bxa2 27. Ra3 Be6 28. Rxa7 Rd7 29. Rxd7 Kxd7 30. e5 Kc7 31. g4 Bd7 32. Ra3 Bc6 33. Bxc6 bxc6 34. Ra7+ Kd8 35. f5 gxf5 36. gxf5 Rxb2 37. Ra8+ Kc7 38. Rf8 f6 39. exf6 exf6 40. Rxf6 Rb3+ 41. Kd4 Rxh3 42. Kc5 Kd7 43. Rf7+ Ke8 44. Rc7 h5 45. Kd6 Re3 46. Rh7 c5 47. Kxc5 Rd3 48. Kc4 Rd1 49. Rxh5 1/2-1/2

[Event "XI Paracin Festival 2018"]
[Site "Paracin"]
[Date "2018.07.10"]
[Round "5"]
[White "Gadimbayli, Abdulla"]
[Black "Colovic, Dusan"]
[Result "1/2-1/2"]
[ECO "C67"]
[WhiteElo "2420"]
[BlackElo "2279"]
[Annotator "NA"]
[PlyCount "41"]
[EventDate "2018.07.06"]
[EventType "swiss"]
[EventCountry "SRB"]
[SourceTitle "playchess.com"]
[Source "ChessBase"]
[SourceQuality "1"]
[TimeControl "5400+30"]

1. e4 e5 2. Nf3 Nc6 3. Bb5 Nf6 4. O-O Nxe4 5. Re1 Nd6 6. Nxe5 Be7 7. Bf1 Nxe5 8. Rxe5 O-O 9. d4 Ne8 10. d5 Bc5 11. Re1 d6 12. Nc3 Bf5 13. Be3 Bxe3 14. Rxe3 Nf6 15. h3 Re8 16. Rxe8+ Qxe8 17. Qd2 Ne4 18. Qd4 Nxc3 19. Qxc3 c5 20. dxc6 Qxc6 21. Qb4 1/2-1/2

[Event "XI Paracin Festival 2018"]
[Site "Paracin"]
[Date "2018.07.10"]
[Round "5"]
[White "Abramovic, Bosko"]
[Black "Tugstumur, Yesuntumur"]
[Result "0-1"]
[ECO "A45"]
[WhiteElo "2409"]
[BlackElo "2116"]
[Annotator "NA"]
[PlyCount "70"]
[EventDate "2018.07.06"]
[EventType "swiss"]
[EventCountry "SRB"]
[SourceTitle "playchess.com"]
[Source "ChessBase"]
[SourceQuality "1"]
[TimeControl "5400+30"]

1. d4 Nf6 2. g3 c5 3. d5 b5 4. Bg2 d6 5. e4 g6 6. b3 Bg7 7. Bb2 O-O 8. Ne2 a5 9. a4 bxa4 10. bxa4 Nbd7 11. Na3 Nb6 12. c4 Bd7 13. Nc3 Ng4 14. Qc2 Nxa4 15. Nxa4 Bxa4 16. Qe2 Bxb2 17. Qxb2 Qb8 18. Nb5 Ne5 19. Qb1 Bxb5 20. cxb5 c4 21. O-O Qb6 22. Rc1 Rfb8 23. Bf1 Qxb5 24. Qxb5 Rxb5 25. Bxc4 Rb4 26. Bf1 Rxe4 27. Rc7 a4 28. f4 Nf3+ 29. Kg2 Nd2 30. Bd3 Rd4 31. Ra3 Rb8 32. Kf2 Rb3 33. Rc3 Rxa3 34. Rxa3 Nb3 35. Ke3 Rb4 0-1

[Event "XI Paracin Festival 2018"]
[Site "Paracin"]
[Date "2018.07.10"]
[Round "5"]
[White "Rahul Srivatshav P"]
[Black "Matovic, Mihajlo Z"]
[Result "1-0"]
[ECO "E09"]
[WhiteElo "2397"]
[BlackElo "2256"]
[Annotator "NA"]
[PlyCount "61"]
[EventDate "2018.07.06"]
[EventType "swiss"]
[EventCountry "SRB"]
[SourceTitle "playchess.com"]
[Source "ChessBase"]
[SourceQuality "1"]
[TimeControl "5400+30"]

1. d4 Nf6 2. c4 e6 3. g3 d5 4. Bg2 Be7 5. Nf3 O-O 6. Qc2 Nbd7 7. O-O c6 8. Nbd2 b6 9. e4 Bb7 10. e5 Ne8 11. cxd5 cxd5 12. Re1 Qc7 13. Qb3 Rc8 14. Bf1 Qb8 15. Bd3 Nc7 16. Nf1 a5 17. Bg5 Bxg5 18. Nxg5 h6 19. Nh7 Rfd8 20. Bb1 Ne8 21. Qf3 g6 22. h4 Ng7 23. Nf6+ Nxf6 24. exf6 Nf5 25. Bxf5 exf5 26. Re7 Re8 27. Rae1 Bc6 28. h5 Rxe7 29. Rxe7 Qd6 30. hxg6 fxg6 31. Rg7+ 1-0

[Event "XI Paracin Festival 2018"]
[Site "Paracin"]
[Date "2018.07.10"]
[Round "5"]
[White "Peng, Shunkai"]
[Black "Shyam, Sundar M"]
[Result "1/2-1/2"]
[ECO "B15"]
[WhiteElo "2390"]
[BlackElo "2527"]
[Annotator "ChessBase"]
[PlyCount "47"]
[EventDate "2018.07.06"]
[EventType "swiss"]
[EventCountry "SRB"]
[SourceTitle "playchess.com"]
[Source "ChessBase"]
[SourceQuality "1"]
[TimeControl "5400+30"]

1. e4 c6 2. d4 d5 3. Nc3 dxe4 4. Nxe4 Nf6 5. Nxf6+ exf6 6. c3 Bd6 7. Bd3 O-O 8. Ne2 Re8 9. Qc2 h5 10. O-O Qc7 11. h3 Be6 12. Bd2 a5 13. Rae1 Na6 14. a3 b5 15. Qc1 Bc4 16. Qc2 Rab8 17. Bc1 Bd5 18. c4 bxc4 19. Bxc4 Bxc4 20. Qxc4 Qb7 21. Bf4 Red8 22. Rc1 Rbc8 23. Rfe1 Qb6 24. Rc2 1/2-1/2

[Event "XI Paracin Festival 2018"]
[Site "Paracin"]
[Date "2018.07.10"]
[Round "5"]
[White "Harvey, Marcus R"]
[Black "Isha Sharma"]
[Result "1-0"]
[ECO "A04"]
[WhiteElo "2362"]
[BlackElo "2062"]
[Annotator "NA"]
[PlyCount "117"]
[EventDate "2018.07.06"]
[EventType "swiss"]
[EventCountry "SRB"]
[SourceTitle "playchess.com"]
[Source "ChessBase"]
[SourceQuality "1"]
[TimeControl "5400+30"]

1. Nf3 g6 2. g3 Bg7 3. Bg2 c5 4. O-O Nc6 5. c4 Nh6 6. Nc3 O-O 7. a3 d6 8. Rb1 Be6 9. d3 Rb8 10. Bf4 Nf5 11. Qc1 h6 12. e4 Nfd4 13. Bxh6 Nxf3+ 14. Bxf3 Ne5 15. Be2 Bh3 16. Re1 Qd7 17. Bxg7 Kxg7 18. f4 Nc6 19. Qe3 Nd4 20. Bd1 Rh8 21. Ne2 e5 22. Nxd4 cxd4 23. Qd2 Rh6 24. Re2 Rf8 25. fxe5 dxe5 26. Qa5 Qe7 27. Rf2 b6 28. Qb4 Qg5 29. Qd2 Qe7 30. Bf3 Rc8 31. b4 Rc7 32. Bg2 Be6 33. a4 Rh8 34. Ra1 Rb8 35. h4 Rcb7 36. a5 bxa5 37. b5 a6 38. bxa6 Ra7 39. Qxa5 Bc8 40. Qd5 Rb6 41. Rfa2 Rbxa6 42. Rxa6 Rxa6 43. Rxa6 Bxa6 44. Bh3 Bb7 45. Qd7 Qb4 46. Qb5 Qxb5 47. cxb5 Kf8 48. g4 Bc8 49. b6 Ke7 50. h5 Bb7 51. h6 Kf8 52. g5 Kg8 53. Kf2 Kh7 54. Kg3 f6 55. Be6 f5 56. Bd5 fxe4 57. Bxe4 Bxe4 58. dxe4 d3 59. b7 1-0

[Event "XI Paracin Festival 2018"]
[Site "Paracin"]
[Date "2018.07.10"]
[Round "5"]
[White "Tomic, Aleksandar"]
[Black "Lorparizangeneh, Shahin"]
[Result "0-1"]
[ECO "A45"]
[WhiteElo "2347"]
[BlackElo "2493"]
[Annotator "ChessBase"]
[PlyCount "32"]
[EventDate "2018.07.06"]
[EventType "swiss"]
[EventCountry "SRB"]
[SourceTitle "playchess.com"]
[Source "ChessBase"]
[SourceQuality "1"]
[TimeControl "5400+30"]

1. d4 Nf6 2. Bf4 c5 3. dxc5 Na6 4. Qd4 Qa5+ 5. Nc3 Nxc5 6. O-O-O d6 7. e4 e5 8. Bxe5 dxe5 9. Bb5+ Bd7 10. Qxe5+ Be7 11. Rxd7 Nfxd7 12. Qxg7 O-O-O 13. Qxf7 Nxe4 14. Qc4+ Ndc5 15. Nge2 a6 16. Qf7 Nxc3 0-1